Cogmind - Beta 15 @@@ ROGUE MODE // 2025.05.15 @ 23:14:13 Player: MoYuYu Result: Destroyed by as-74148 with Assembled Rifle Performance ------------- Evolutions (0) 0 Regions Visited (4) 800 Robots Destroyed (1) 5 Value Destroyed (10) 10 Prototype IDs (23) 460 Alien Tech Used (0) 0 Bonus (300) 300 TOTAL SCORE: 1575 Bonus ------- Aligned with FarCom 300 Cogmind --------- Core Integrity 0/250 Matter 300/300 Energy 98/100 System Corruption 2% Temperature Cool (0) Movement Core (50) Location -9/Mines Parts ------- > --- POWER (1) -------- (None) > --- PROPULSION (2) --- (None) > --- UTILITY (2) ------ Signal Interpreter 0b10 Alert Chip > --- WEAPON (2) ------- (None) > --- INVENTORY (5) ---- Reinforced Deuterium Engine Fission Core Visual Processing Unit Signal Interpreter Heavy Explosive Trap Peak State ------------ > --- POWER ------------ (None) > --- PROPULSION ------- (None) > --- UTILITY ---------- Signal Interpreter 0b10 Alert Chip > --- WEAPON ----------- (None) > --- INVENTORY -------- Reinforced Deuterium Engine Fission Core Signal Interpreter Grenade Launcher Heavy Explosive Trap [Rating: 8] Favorites ----------- Power None Propulsion None Utility Signal Interpreter Device Terrain Scanner Processor Signal Interpreter Protection Light Armor Plating Weapon None Build | -11 -10 -10 -10 -9 ------- Run | Yrd Mat Min Exi Min Slots Evolved . | . . . . . Power . | . . . . . Propulsion . | . . . . . Utility . | . . . . . Weapon . | . . . . . Parts Attached 5 | . 3 1 1 . Power . | . . . . . Engine . | . . . . . Core . | . . . . . Reactor . | . . . . . Propulsion . | . . . . . Treads . | . . . . . Leg . | . . . . . Wheel . | . . . . . Hover . | . . . . . Flight . | . . . . . Utility 5 | . 3 1 1 . Device 1 | . . 1 . . Storage . | . . . . . Processor 2 | . 1 . 1 . Hackware . | . . . . . Protection 2 | . 2 . . . Artifact . | . . . . . Weapon . | . . . . . Energy Gun . | . . . . . Energy Cannon . | . . . . . Ballistic Gun . | . . . . . Ballistic Cannon . | . . . . . Launcher . | . . . . . Special Weapon . | . . . . . Impact Weapon . | . . . . . Slashing Weapon . | . . . . . Piercing Weapon . | . . . . . Special Melee Weapon . | . . . . . Unidentified Prototypes . | . . . . . Parts Lost 2 | . 2 . . . Power . | . . . . . Propulsion . | . . . . . Utility 2 | . 2 . . . Weapon . | . . . . . Highest Loss Streak 1 | . 1 . . . To Critical Strikes . | . . . . . Average Backups 2 | . 2 2 3 4 Power . | . . . 1 2 Propulsion . | . . . . . Utility 1 | . 2 1 1 1 Weapon . | . . 1 1 . Tool/Special . | . . . . . Unused Backups 6 | . . 1 . 5 Power 2 | . . . . 2 Propulsion . | . . . . . Utility 3 | . . 1 . 2 Weapon 1 | . . . . 1 Tool/Special . | . . . . . Average Slot Usage (%) 23 | . 20 23 26 28 Device 4 | . . 9 7 . Processor 15 | . 10 14 19 28 Protection 3 | . 9 . . . Peak Build Rating 8 | . 2 2 8 8 Average Rating 3 | . 1 1 5 8 On Entrance 2 | . . 1 2 8 Naked Turns 13 | . 13 . . . Heaviest Build 3 | . 3 1 1 . Greatest Support 3 | 3 3 3 3 3 Greatest Overweight (x) . | . . . . . Average Overweight (x) . | . . . . . Largest Inventory Capacity 5 | 5 5 5 5 5 Average Capacity 5 | 5 5 5 5 5 Most Carried 5 | . 4 5 5 5 Average Carried 3 | . 2 3 4 5 Final Capacity 5 | 5 5 5 5 5 Final Carried 5 | . 4 3 5 5 Class Distribution -------------------- 100% | Mutant Dominant Class ---------------- Mutant | -10/Materials Mutant | -10/Mines Mutant | -10/Exiles Mutant | -9/Mines Resources | -11 -10 -10 -10 -9 ----------- Run | Yrd Mat Min Exi Min Matter Collected 250 | 200 . 40 . 10 Remotely . | . . . . . Salvage Created 14 | . 14 . . . Parts 3 | . 3 . . . Haulers Intercepted . | . . . . . Recyclers Shooed . | . . . . . Parts Field Recycled . | . . . . . Retrieved Matter . | . . . . . Parts Self-Destructed . | . . . . . Prevented . | . . . . . Kills | -11 -10 -10 -10 -9 ------- Run | Yrd Mat Min Exi Min Combat Hostiles Destroyed 1 | . 1 . . . Melee 1 | . 1 . . . Classes Destroyed 1 | . 1 . . . Swarmer 1 | . 1 . . . Best Kill Streak 1 | . 1 . . . Combat Bots Only 1 | . 1 . . . Max Kills in Single Turn 1 | . 1 . . . Gunslinging . | . . . . . Exploded . | . . . . . Melee 1 | . 1 . . . Uniques/NPCs Destroyed . | . . . . . Combat | -11 -10 -10 -10 -9 -------- Run | Yrd Mat Min Exi Min Hostile Shots Fired 67 | . 61 1 . 5 Missed 24 | . 21 1 . 2 Hits 43 | . 40 . . 3 Projectile 43 | . 40 . . 3 Damage Taken 460 | . 407 9 . 44 Core 261 | . 211 6 . 44 Absorbed by Shields . | . . . . . Core Remaining (%) 100 | 100 . . . . Volleys Fired . | . . . . . Largest . | . . . . . Hottest . | . . . . . Shots Fired . | . . . . . Gun . | . . . . . Cannon . | . . . . . Launcher . | . . . . . Special . | . . . . . Kinetic . | . . . . . Thermal . | . . . . . Explosive . | . . . . . Electromagnetic . | . . . . . Robot Hit Streak . | . . . . . Robot Miss Streak . | . . . . . Penetration Max . | . . . . . Secondary Targets . | . . . . . Shots Hit Robots . | . . . . . Core Hits 1 | . 1 . . . Critical Kills . | . . . . . Critical Parts Destroyed . | . . . . . Critical Strikes . | . . . . . Melee Attacks . | . . . . . Impact . | . . . . . Slashing . | . . . . . Piercing . | . . . . . Sneak Attacks . | . . . . . Combat Hostiles . | . . . . . Follow-up Attacks . | . . . . . Damage Inflicted 18 | . 18 . . . Guns . | . . . . . Cannons . | . . . . . Explosions . | . . . . . Melee . | . . . . . Ramming 18 | . 18 . . . Kinetic . | . . . . . Thermal . | . . . . . Explosive . | . . . . . Electromagnetic . | . . . . . Impact . | . . . . . Slashing . | . . . . . Piercing . | . . . . . Highest Corruption 2 | . 2 2 2 2 Average Corruption 2 | . 2 2 2 2 Corruption Purged . | . . . . . Corruption Blocked . | . . . . . Effects 6 | . 1 3 1 1 Message Errors 1 | . . 1 . . Heat Flow Errors 1 | . . 1 . . Energy Discharges 2 | . . 1 . 1 Parts Rejected 1 | . 1 . . . Data Loss (minor) 1 | . . . 1 . Overload Shots . | . . . . . Overflow Damage . | . . . . . Projectiles . | . . . . . Explosions . | . . . . . Melee . | . . . . . Knockbacks . | . . . . . Impact . | . . . . . Kinetic . | . . . . . Secondary . | . . . . . Self-Inflicted Damage 9 | . 9 . . . Shots . | . . . . . Rammed 1 | . 1 . . . Targets Rammed 1 | . 1 . . . Kicked . | . . . . . Crushed . | . . . . . Highest Temperature 210 | . . 210 . . Average Temperature 110 | . . 110 . . Received Heat Transfer 156 | . 138 . . 18 Siege Activations . | . . . . . Martial Activations . | . . . . . Shielding Activations . | . . . . . Robots Disrupted . | . . . . . Combat Hostiles . | . . . . . Robots Corrupted . | . . . . . Combat Hostiles . | . . . . . Parts Fried . | . . . . . Impact Corruptions . | . . . . . Robots Melted . | . . . . . Combat Hostiles . | . . . . . Parts Melted . | . . . . . Heat Transferred . | . . . . . Parts Sabotaged . | . . . . . Parts Stolen . | . . . . . Parts Stripped . | . . . . . Power Chain Reactions . | . . . . . Alert | -11 -10 -10 -10 -9 ------- Run | Yrd Mat Min Exi Min Maximum Alert Level 1 | . 1 . . . Low Security (%) 96 | 100 91 100 . 100 Level 1 3 | . 8 . . . Level 2 . | . . . . . Level 3 . | . . . . . Level 4 . | . . . . . Level 5 . | . . . . . High Security . | . . . . . Max Security . | . . . . . Peak Influence 210 | . 210 70 . . Initial 70 | . . 70 . . Average 42 | . 76 34 . . Influence Increases 280 | . 260 20 . . Destroy 0b10 Robot/C 20 | . 20 . . . Trap Triggered on 0b10 20 | . . 20 . . Select Force Hacks 30 | . 30 . . . Lose Combat Pursuer 210 | . 210 . . . Influence Decreases 280 | . 80 200 . . Entered New Map 110 | . . 110 . . Time Decay 150 | . 60 90 . . Lost Part 20 | . 20 . . . Squads Dispatched 5 | . 5 . . . Investigation 4 | . 4 . . . Extermination . | . . . . . Reinforcement 1 | . 1 . . . Assault . | . . . . . Garrison . | . . . . . Intercept . | . . . . . Searches Triggered . | . . . . . Construction Impeded . | . . . . . Haulers Reinforced . | . . . . . Active Scanning Responses . | . . . . . Cargo Convoy Interrupts . | . . . . . Stealth | -11 -10 -10 -10 -9 --------- Run | Yrd Mat Min Exi Min Distress Signals 3 | . 3 . . . Communications Jammed . | . . . . . Distress Signals . | . . . . . Times Spotted 33 | . 26 3 . 4 Peak Tracking Total 9 | . 9 3 . 2 Tactical Retreats 4 | . 4 . . . Traps | -11 -10 -10 -10 -9 ------- Run | Yrd Mat Min Exi Min Traps Triggered 3 | . 3 . . . Indirectly . | . . . . . Trap Hack Attempts . | . . . . . Triggered . | . . . . . Disarmed . | . . . . . Reprogrammed . | . . . . . Reused 2 | . . 2 . . Traps Extracted . | . . . . . Installed 2 | . . 2 . . Triggered 2 | . . 2 . . Most Traps Carried 3 | . . 3 1 1 Machines | -11 -10 -10 -10 -9 ---------- Run | Yrd Mat Min Exi Min Machines Disabled . | . . . . . Max in Single Turn . | . . . . . Machines Repaired . | . . . . . Machines Dismantled . | . . . . . Machines Sabotaged . | . . . . . Overloaded Fab Kills . | . . . . . Hacking | -11 -10 -10 -10 -9 --------- Run | Yrd Mat Min Exi Min Machines Accessed 5 | . 4 . 1 . Terminals 3 | . 3 . . . Fabricators . | . . . . . Repair Stations . | . . . . . Recycling Units 1 | . 1 . . . Scanalyzers . | . . . . . Garrison Access . | . . . . . Total Hacks 14 | . 13 . 1 . Successful 3 | . 2 . 1 . Failed 11 | . 11 . . . Catastrophic 2 | . 2 . . . Database Lockouts . | . . . . . Manual 14 | . 13 . 1 . Terminals 11 | . 11 . . . Fabricators . | . . . . . Repair Stations . | . . . . . Recycling Units 2 | . 2 . . . Scanalyzers . | . . . . . Garrison Access . | . . . . . Terminal Hacks 1 | . . . 1 . Proto ID Catalog 1 | . . . 1 . Fabricator Hacks . | . . . . . Repair Station Hacks . | . . . . . Recycling Unit Hacks . | . . . . . Scanalyzer . | . . . . . Garrison Access Hacks . | . . . . . Unauthorized Hacks 2 | . 2 . . . Terminals 1 | . 1 . . . Botnet 1 | . 1 . . . Fabricators . | . . . . . Repair Stations . | . . . . . Recycling Units 1 | . 1 . . . Tunnel 1 | . 1 . . . Scanalyzers . | . . . . . Garrison Access . | . . . . . Data Cores Recovered . | . . . . . Used . | . . . . . Hacking Detections 3 | . 3 . . . Full Trace Events 3 | . 3 . . . Feedback Events . | . . . . . Feedback Blocked . | . . . . . Robot Schematics Acquired . | . . . . . Robots Built . | . . . . . Authchips . | . . . . . Time . | . . . . . Total Robot Build Rating . | . . . . . Part Schematics Acquired . | . . . . . Parts Built . | . . . . . Authchips . | . . . . . Time . | . . . . . Total Part Build Rating . | . . . . . Parts Repaired . | . . . . . Time . | . . . . . Parts Recycled . | . . . . . Recycled Matter . | . . . . . Retrieved Matter . | . . . . . Retrieved Components . | . . . . . Parts Scanalyzed . | . . . . . Part Schematics Acquired . | . . . . . Parts Damaged . | . . . . . Bothacking | -11 -10 -10 -10 -9 ------------ Run | Yrd Mat Min Exi Min Used RIF Installer . | . . . . . Robots Hacked . | . . . . . Non-combat . | . . . . . Combat . | . . . . . Robot Hacks Applied . | . . . . . Relay Couplers Released . | . . . . . Fabnet Peak Effective % . | . . . . . Robots Rewired . | . . . . . Allies Hacked . | . . . . . Hacks Repelled . | . . . . . Allies | -11 -10 -10 -10 -9 -------- Run | Yrd Mat Min Exi Min Total Allies . | . . . . . Largest Group . | . . . . . Highest-Rated Group . | . . . . . Highest-Rated Ally . | . . . . . Total Orders . | . . . . . Ally Attacks . | . . . . . Total Damage . | . . . . . Kills . | . . . . . Allies Corrupted . | . . . . . Allies Melted . | . . . . . Intel | -11 -10 -10 -10 -9 ------- Run | Yrd Mat Min Exi Min Active Infowar (turns) 207 | . . 148 59 . Terrain 207 | . . 148 59 . Robot Analysis Total . | . . . . . Derelict Logs Recovered 1 | . . 1 . . Drone Launches . | . . . . . Drone Recoveries . | . . . . . Exploration | -11 -10 -10 -10 -9 ------------- Run | Yrd Mat Min Exi Min Turns Passed 607 | 27 186 206 109 79 Spaces Moved 1161 | 53 347 397 209 155 Core 1161 | 53 347 397 209 155 Treads . | . . . . . Legs . | . . . . . Wheels . | . . . . . Hover . | . . . . . Flight . | . . . . . Fastest Speed 50 | 50 50 50 50 50 Average Speed 50 | 50 50 50 50 50 Slowest Speed 50 | 50 50 50 50 50 Overloaded Moves . | . . . . . Propulsion Burnouts . | . . . . . Robots Hopped . | . . . . . Potential Cave-ins . | . . . . . Cave-ins Triggered . | . . . . . Exploration Rate (%) 42 | 3 74 46 60 27 Regions Visited 4 Branch Regions 3 Pre-discovered Areas 1 | . 1 . . . Known Exits Taken 3 | . 1 1 1 . Unknown Exits Taken 1 | 1 . . . . Scrap Searched 3 | . . 2 . 1 Spaces Dug . | . . . . . Terrain Destroyed . | . . . . . Melee . | . . . . . Projectile . | . . . . . AOE . | . . . . . Terrain Rammed . | . . . . . Walls Destroyed . | . . . . . Machines Disabled . | . . . . . Actions | -11 -10 -10 -10 -9 --------- Run | Yrd Mat Min Exi Min Total 1182 | 52 356 405 212 157 Wait 1 | . 1 . . . Move 1157 | 52 346 396 208 155 Hop . | . . . . . Pick Up 10 | . 4 3 2 1 Fast Attach 5 | . 4 . 1 . Attach 1 | . . 1 . . Detach . | . . . . . Swap . | . . . . . Drop 5 | . . 3 1 1 Fire . | . . . . . Melee . | . . . . . Ram 1 | . 1 . . . Kick . | . . . . . Crush . | . . . . . Escape Stasis . | . . . . . Rewire . | . . . . . Trap 2 | . . 2 . . Miscellaneous . | . . . . . Route ------- -11/Scrapyard -10/Materials (discovered 4 exits: *Mat x3 / *Min) -10/Mines (discovered 2 exits: *Mat / *Exi) -10/Exiles -9/Mines History --------- Turn | Location | Event 4 | -11/Scrapyard | Discovered new exit (range 13) 28 | -11/Scrapyard | Entered Materials 74 | -10/Materials | Discovered new exit (range 16) 101 | -10/Materials | Discovered new exit (range 5) 103 | -10/Materials | Identified exit to Materials 118 | -10/Materials | Discovered exit to Materials (range 10) 201 | -10/Materials | Core integrity fell below 50% 207 | -10/Materials | Discovered new exit (range 14) 212 | -10/Materials | Core integrity fell below 20% 213 | -10/Materials | Identified exit to Mines 214 | -10/Materials | Entered Mines 269 | -10/Mines | Found a hidden stash of uninstalled traps 330 | -10/Mines | Build established: Mutant 354 | -10/Mines | Discovered exit to Materials (range 7) 355 | -10/Mines | Learned Materials emergency access door positions 418 | -10/Mines | Deemed a non-threat by the Exiles lab entrance 418 | -10/Mines | Discovered new exit (range 5) 420 | -10/Mines | Identified exit to Exiles 420 | -10/Mines | Entered Exiles 435 | -10/Exiles | Met 8R-AWN 444 | -10/Exiles | Met EX-HEX 458 | -10/Exiles | Met EX-BIN 464 | -10/Exiles | Aligned with FarCom system 465 | -10/Exiles | Given EX-Vault access code 476 | -10/Exiles | Opened EX-Vault 480 | -10/Exiles | Found 0b10 Alert Chip 492 | -10/Exiles | Warned to stay clear of 0b10 Research branches 499 | -10/Exiles | Exiles lab attacked by MAIN.C 525 | -10/Exiles | Discovered new exit (range 10) 528 | -10/Exiles | Identified exit to Mines 529 | -10/Exiles | Left Exiles lab with 0b10 Alert Chip 529 | -10/Exiles | Entered Mines 530 | -9/Mines | Assembled infested the area 535 | -9/Mines | Assisted by a Guerilla fighting off Assembled 608 | -9/Mines | Destroyed by as-74148 with Assembled Rifle Last Messages --------------- the rush we got split up from the others." 00533_ 61-RMV(h): "I'll hold them off! Go on ahead or try to find another way!" 00533_ G-34 Mercenary destroyed. 00534_ HV Slug penetrates Wall. 00535_ A derelict emerges from the shadows: "You need to get out of here! I've been tracking a group of Assembled to figure out where they're coming from, and they're closing on this area, come on!" 00568_ Searching scrap... 00568_ Found Trap Extractor. 00568_ Found Ion Engine. 00568_ Found Visual Processing Unit. 00568_ Found 59 Matter. 00569_ Dropped Grenade Launcher. 00569_ Acquired Visual Processing Unit. 00577_ System corrupted: Energy discharge (-21). 00583_ Acquired 10 matter. 00600_ K-01 Serf collects debris. Map ----- +----------------------------------------------------+ | | | | | | | | | | | | | | | | | | | | | ?????????????????????????????????????????????????? | | ?????????????????????????????????????????????????? | | ????????????????????????????????????????????????? | | ??????????????????????????????????????????????? | | ??????????????????????????????????????????????? | | #?????????????????????????????????????????????? | | ???????????????####???????????????????????????? | | ???????????????? #???????????#???????????????? | | #?????????????????# #??????????? ###????????????? | | ????###???????????# #?????????### ######???????? | | ???? ???????????# #?????????# #???????? | | ???? ???????????# #?????????# """ ###?????? | | ???? ?????????### ###???????# """ ????? | | ???? ????????## ##??????# """ # #?????? | | ????# ????????# k #####??# """ #???????? | | ????# #???????## @ #### %*%! #???????? | | ????# ######### ## [= #???????? | | ##### t ## !%== #???????? | | %! ######### ###### # * %a " #?????? | | ##### ######### #????# # %a # ??????? | | ????# ##????# ######;;###???????? | | ????##### ##?????# #?????????????????? | | ????????# ######## ##?????# #?????????????????? | | ??####### #??????## #????? ##????????????????? | | ??# #???????## #????? #????????????????? | | ??# #######????????# #???? ##???????????????? | | ??# #??????????????# ### ##??????????????? | | ??# #??????????????# #??????????????? | | ?? #??????????????## #?????????????? | | ?? #???????????????## #### gg ???????????? | | ??###????????????????###???? ###????????????? | | ????????????????????????????? ##??????????????? | | ??????????????????????????????? #???????????????? | | ????????????????????????????????? #??????????????? | | ?????????????????????????????????????????????????? | | ?????????????????????????????????????????????????? | | ?????????????????????????????????????????????????? | | ?????????????????????????????????????????????????? | | ?????????????????????????????????????????????????? | | ?????????????????????????????????????????????????? | +----------------------------------------------------+ Best States ------------- Heat Dissipation 25 Energy Generation 5 Energy Capacity 100 Matter Stores 300 Matter Capacity 300 Sight Range 16 Terrain Scan Range 14 Terrain Scan Density 10 Armor Coverage 150 Evasion (%) 50 Item Schematics ----------------- None Robot Schematics ------------------ None Fabricated ------------ Nothing Repaired ---------- Nothing Alien Tech Used ----------------- None Achievements -------------- None Challenges ------------ None Game ------ Seed SigixExplosiveFrame Manual? 0 Play Time 00:09:37 Cumulative 159.4 hours Start 2025.05.15 @ 23:05:45 End 2025.05.15 @ 23:14:13 Sessions 1 Manual Loads 0 Difficulty Rogue Special Mode None Game No. 87 Rogue 77 Adventurer 5 Explorer 5 Win Type - Total 9 Types 7/0/1/1/0/0/0/0/0/0 Lore% 43 Gallery% 59 Achievement% 54 Wizard Run 0 Options --------- Layout 2 ASCII 0 Keyboard 0 Movement Mouse Keybinds 1 Fullscreen 1 Font 20/Terminus Map View 50x44 Zoom Use 0% Tactical HUD 1 Map Filters NONE Filters SATURATION(60) Steam 1 RUN: 91860d76-5949-440f-be4d-c8e958dfe4cf